AoeStats
← Raj

Fortress

509605263Analyzed
4v4 RM · 7d ago on Sep 27, 2026· 67m 49s· 8 players
Game mode
Random Map
Map size
Huge
Population
200
Speed
Normal
Resources
Standard
Victory
Conquest
Starting age
Dark Age
Ending age
Imperial Age
RankedLock teamsTeams togetherTeam positionsShared explorationLock speedFull tech treeHidden civsTurbo modeCheats
Victory
Defeat
🇹🇷 Gurjaras · Türkiye
1092
+16
🇹🇷 Hindustanis · Türkiye
1075
+16
🇹🇼 Franks · Taiwan
1052
+17
🇹🇷 Spanish · Türkiye
1035
+18
🇮🇳 Romans · India
1113
-18
🇮🇳 Ethiopians · India
1086
-17
🇦🇺 Varangians · Australia
1084
-17
🇨🇳 Lithuanians · China
1034
-15
MaxC
3:54 Loom
7:14 Feudal Age
8:07 Double-Bit Axe
12:50 Castle Age
10:53 Gold Mining
12:55 Scale Barding Armor
13:01 Forging
14:00 Bow Saw
16:08 Stone Mining
19:06 Chain Barding Armor
20:49 Wheelbarrow
24:09 Iron Casting
25:22 Husbandry
27:16 Fletching
28:09 Hand Cart
30:32 Fervor
36:26 Imperial Age
34:16 Bodkin Arrow
34:40 Scale Mail Armor
35:09 Caravan
36:10 Gold Shaft Mining
35:54 Ordonnance Companies
38:06 Conscription
37:09 Elite Throwing Axeman
38:19 Chain Mail Armor
38:40 Plate Barding Armor
37:35 Elite Throwing Axeman
37:57 Cavalier
41:53 Plate Mail Armor
42:24 Blast Furnace
43:03 Light Cavalry
48:52 Elite Skirmisher
48:59 Cranequins
49:43 Padded Archer Armor
52:15 Paladin
54:12 Leather Archer Armor
(DB) Ezdur
9:28 Feudal Age
11:52 Double-Bit Axe
12:00 Loom
14:16 Castle Age
11:59 Horse Collar
12:13 Gold Mining
15:49 Bow Saw
15:40 Heavy Plow
22:57 Wheelbarrow
24:56 Stone Mining
29:10 Imperial Age
28:06 Gold Shaft Mining
27:45 Scale Barding Armor
30:00 Chain Barding Armor
29:51 Forging
30:37 Hand Cart
31:09 Conscription
30:53 Husbandry
31:04 Bloodlines
30:15 Heavy Camel Rider
31:50 Plate Barding Armor
31:14 Town Watch
34:22 Chemistry
33:45 Ballistics
33:06 Treadmill Crane
34:30 Coinage
34:01 Caravan
36:05 Stone Shaft Mining
36:47 Iron Casting
36:14 Scale Mail Armor
36:06 Fletching
35:59 Elite Chakram Thrower
39:48 Banking
43:29 Chain Mail Armor
43:10 Bodkin Arrow
45:30 Frontier Guards
46:17 Kshatriyas
54:03 Light Cavalry
57:00 Hussar
57:56 Thumb Ring
57:58 Elite Skirmisher
63:30 Padded Archer Armor
64:01 Plate Mail Armor
63:32 Bracer
65:00 Elite Elephant Archer
65:01 Crossbowman
65:58 Leather Archer Armor
65:57 Masonry
65:42 Murder Holes
65:59 Fortified Wall
65:54 Town Patrol
66:34 Hoardings
65:29 Sappers
67:48 Fervor
67:59 Sanctity
(DB) Eydur
11:05 Feudal Age
15:40 Castle Age
22:03 Loom
23:32 Wheelbarrow
22:47 Town Watch
23:27 Double-Bit Axe
23:24 Horse Collar
23:36 Gold Mining
23:39 Stone Mining
24:49 Hand Cart
24:35 Town Patrol
26:43 Husbandry
27:14 Bloodlines
29:13 Forging
29:08 Scale Barding Armor
30:43 Iron Casting
31:00 Chain Barding Armor
34:43 Imperial Age
32:18 Town Patrol
34:45 Heavy Camel Rider
35:57 Caravan
37:15 Blast Furnace
36:51 Plate Barding Armor
36:59 Imperial Camel Rider
52:33 Elite Ghulam
53:36 Conscription
54:48 Scale Mail Armor
57:59 Chain Mail Armor
66:45 Fletching
66:57 Padded Archer Armor
(DB) sendur
3:24 Loom
8:58 Feudal Age
13:13 Castle Age
16:13 Pikeman
22:23 Horse Collar
22:29 Double-Bit Axe
25:15 Wheelbarrow
26:41 Bow Saw
26:33 Heavy Plow
31:15 Imperial Age
30:12 Gold Mining
31:02 Forging
30:52 Scale Mail Armor
30:58 Scale Barding Armor
31:23 Husbandry
31:40 Bloodlines
31:51 Caravan
33:27 Conscription
33:19 Cavalier
34:25 Chain Barding Armor
34:40 Iron Casting
34:30 Stone Mining
35:01 Fortified Wall
37:19 Plate Barding Armor
40:48 Paladin
42:38 Blast Furnace
43:32 Hand Cart
46:36 Scale Mail Armor
48:30 Halberdier
50:13 Chain Mail Armor
56:44 Plate Mail Armor
67:43 Inquisition
68:08 Supremacy
人在阵地在
10:08 Feudal Age
14:05 Castle Age
12:12 Double-Bit Axe
12:10 Horse Collar
13:31 Stone Mining
13:32 Gold Mining
16:55 Scale Barding Armor
18:35 Husbandry
21:34 Bloodlines
24:29 Chain Barding Armor
29:16 Wheelbarrow
31:57 Imperial Age
30:23 Forging
32:25 Iron Casting
32:08 Elite Leitis
34:11 Conscription
34:28 Plate Barding Armor
38:46 Cavalier
41:44 Fletching
41:54 Padded Archer Armor
42:09 Paladin
42:56 Bodkin Arrow
42:22 Elite Skirmisher
43:57 Thumb Ring
46:21 Leather Archer Armor
48:30 Ring Archer Armor
49:13 Bracer
50:44 Pikeman
51:39 Light Cavalry
57:21 Caravan
58:35 Scale Mail Armor
60:01 Halberdier
Ezio
3:41 Loom
8:12 Feudal Age
12:38 Castle Age
11:01 Horse Collar
20:48 Heavy Plow
21:18 Double-Bit Axe
29:25 Imperial Age
29:08 Scale Mail Armor
29:19 Forging
29:27 Masonry
30:52 Ballistics
31:16 Siege Engineers
31:54 Wheelbarrow
31:58 Conscription
33:10 Chain Mail Armor
33:05 Squires
33:18 Pikeman
34:36 Iron Casting
34:07 Heavy Scorpion
35:25 Caravan
37:06 Chemistry
37:43 Halberdier
38:49 Murder Holes
39:26 Architecture
Raj
6:06 Loom
7:55 Feudal Age
12:32 Castle Age
11:20 Double-Bit Axe
16:58 Bow Saw
16:39 Loom
18:47 Ballistics
18:24 Horse Collar
21:57 Stone Mining
21:58 Gold Mining
22:47 Heavy Plow
24:14 Masonry
25:22 Wheelbarrow
24:32 Town Watch
28:01 Hand Cart
27:47 Town Patrol
31:41 Imperial Age
30:16 Gold Shaft Mining
30:16 Stone Shaft Mining
29:38 Fletching
29:53 Padded Archer Armor
30:28 Bodkin Arrow
30:38 Scale Mail Armor
31:30 Fortified Wall
31:16 Murder Holes
32:18 Squires
32:07 Halberdier
33:52 Chain Mail Armor
33:39 Bracer
33:54 Leather Archer Armor
34:59 Chemistry
34:05 Siege Engineers
34:24 Conscription
35:21 Thumb Ring
38:23 Plate Mail Armor
40:20 Crossbowman
40:58 Arbalester
45:29 Torsion Engines
46:51 Ring Archer Armor
50:04 Forging
50:30 Architecture
57:28 Elite Skirmisher
58:42 Heavy Scorpion
Mick The Brick
8:04 Feudal Age
12:16 Castle Age
13:59 Scale Barding Armor
14:06 Forging
14:09 Horse Collar
14:44 Double-Bit Axe
20:42 Iron Casting
20:31 Gold Mining
20:55 Bow Saw
21:50 Chain Barding Armor
29:36 Heavy Plow
30:59 Bloodlines
30:50 Husbandry
31:00 Squires
30:46 Gambesons
30:47 Arson
31:06 Scale Mail Armor
36:38 Imperial Age
36:16 Chain Mail Armor
36:53 Elite Varangian Guard
40:36 Crop Rotation
40:53 Conscription
42:20 Plate Mail Armor
42:50 Blast Furnace
42:44 Fortified Wall
42:46 Masonry
44:15 Gothikon
44:30 Pikeman
56:00 Wheelbarrow
55:11 Loom
55:12 Town Watch
54:50 Light Cavalry
55:57 Hussar
58:35 Plate Barding Armor
Connection lost

Rejoining the realm…

Still unreachable

The connection could not be restored.

Session expired

The server has moved on; the page needs a fresh start.